 Dungeon Crawl Stone Soup version 0.29-a0-321-gf1c400731a (webtiles) character file.

Game seed: 14813081835861310517

32 kae the Firebug (level 3, 0/20 HPs)
             Began as a Tengu Fire Elementalist on Apr 4, 2022.
             Slain by an adder (1 damage)
             ... on level 2 of the Dungeon.
             The game lasted 00:01:06 (2086 turns).

kae the Firebug (Tengu Fire Elementalist)           Turns: 2086, Time: 00:01:06

Health: 0/20       AC:  2    Str:  8    XL:     3   Next: 27%
Magic:  2/7        EV: 12    Int: 17    God:
Gold:   105        SH:  0    Dex: 14    Spells: 0/6 levels left

rFire   . . .      SeeInvis .   (no weapon)
rCold   . . .      Faith    .   (no shield)
rNeg    . . .      Spirit   .   a - +0 robe
rPois   .          Reflect  .   (helmet restricted)
rElec   .          Harm     .   (no cloak)
rCorr   .          Rampage  .   (no gloves)
Will    .....                   (boots unavailable)
Stlth   ++........              (no amulet)
HPRegen 0.06/turn               (no ring)
MPRegen 0.10/turn               (no ring)

@: very slightly contaminated
A: beak, talons 3
a: no special abilities


You were on level 2 of the Dungeon.
You visited 1 branch of the dungeon, and saw 2 of its levels.

You collected 105 gold pieces.

Inventory:

Armour
 a - a +0 robe (worn)
Potions
 b - a potion of magic
 c - 3 potions of curing {unknown}
 d - 2 potions of degeneration {unknown}
 e - 2 potions of berserk rage {unknown}


   Skills:
 + Level 0.8 Fighting
 + Level 0.6 Armour
 + Level 2.5 Dodging
 - Level 2.0 Stealth
 + Level 2.2 Spellcasting
 + Level 1.8 Conjurations
 * Level 3.8 Fire Magic


You couldn't memorise any spells.
You knew the following spells:

 Your Spells              Type           Power      Damage    Failure   Level
a - Foxfire               Conj/Fire      44%        2x1d6     6%          1
b - Scorch                Fire           30%        2d6       6%          2
c - Conjure Flame         Conj/Fire      11%        6-21      19%         3

Your spell library contained the following spells:

 Spells                   Type           Power      Damage    Failure   Level
 Inner Flame              Hex/Fire       8%         N/A       26%         3
 Flame Wave               Conj/Fire      11%        2d5       52%         4


Dungeon Overview and Level Annotations

Branches:
Dungeon (2/15)

Altars:
Okawaru

Shops:
D:1 (


Innate Abilities, Weirdness & Mutations

You have a beak for a mouth.
You have claws for feet.


Message History

Confirm with . or Enter, or press ? or * to list all spells.
You conjure some foxfire!
You feel sick. The adder barely misses you. The adder misses you.
You feel sick.
The foxfire hits the adder.
The adder is heavily wounded.
The foxfire hits the adder.
The adder is heavily wounded.
The adder closely misses you.
Casting: Foxfire (safe; 6% risk of failure)
Confirm with . or Enter, or press ? or * to list all spells.
You miscast Foxfire.
You are very lightly contaminated with residual magic.
Nothing appears to happen.
You feel sick. The adder barely misses you.
Casting: Foxfire (safe; 6% risk of failure)
Confirm with . or Enter, or press ? or * to list all spells.
You conjure some foxfire!
You feel sick. The adder barely misses you. The adder closely misses you.
You feel sick.
You are no longer poisoned.
The foxfire hits the adder.
The adder is heavily wounded.
The foxfire hits the adder.
The adder is severely wounded.
The adder closely misses you.
An adder is nearby!
Casting: Foxfire (safe; 6% risk of failure)
Confirm with . or Enter, or press ? or * to list all spells.
You conjure some foxfire!
The adder bites you.
* * * LOW HITPOINT WARNING * * *
The foxfire hits the adder but does no damage.
The adder is severely wounded.
The foxfire hits the adder.
The adder is almost dead.
The adder bites you.
* * * LOW HITPOINT WARNING * * *
An adder is nearby!
Casting: Foxfire (safe; 6% risk of failure)
Confirm with . or Enter, or press ? or * to list all spells.
You conjure some foxfire!
The adder bites you.
You die...

####### #...... #......
#......
#...)..#################
+...............>......#
#......v#.######.#####.#
#......@#.....##.#####.#
#.....Sv#.###.##.......#
#######.#.#......#######
#.#.#.#.##.#
############
..#...#.##†#
...........#
#######.##.#
.####.####.# ..##.#
.#†.#.#.8#.# ####.#
.#..'.'..#.# #.#


You could see an adder (ally target).

Vanquished Creatures
  7 endoplasms
  A giant cockroach (D:1)
  2 goblins (D:1)
  A hobgoblin (D:2)
  A quokka (D:2)
  2 ball pythons
  5 bats
  A frilled lizard (D:1)
  7 kobolds
  4 rats
31 creatures vanquished.

Vanquished Creatures (others)
  103 foxfires
103 creatures vanquished.

Grand Total: 134 creatures vanquished

Notes
Turn   | Place    | Note
-------+----------+-------------------------------------------
     0 | D:1      | kae the Tengu Fire Elementalist began the quest for the
                  | Orb.
     0 | D:1      | Reached XP level 1. HP: 10/10 MP: 4/4
   261 | D:1      | Reached XP level 2. HP: 16/16 MP: 3/6
   940 | D:1      | Found Xuhywn's Antique Weapon Shoppe.
  1308 | D:2      | Reached XP level 3. HP: 5/20 MP: 1/7
  1311 | D:2      | Learned a level 2 spell: Scorch
  1315 | D:2      | Learned a level 3 spell: Conjure Flame
  1808 | D:2      | Found an iron altar of Okawaru.
  2085 | D:2      | HP: 1/20 [adder (3)]
  2086 | D:2      | Slain by an adder

Illustrated notes

Levels and vault maps discovered:
D:1:      scummos_arrival_hexagon, layout_basic, serial_shops, shop_statue
D:2:      minmay_door_path, layout_basic, basic_altar

Action                   || total
-------------------------++-------
Melee: Unarmed           ||    13
       Peck              ||     4
       Kick              ||     2
 Cast: Foxfire           ||    64
  Use: Scroll            ||     1
 Stab: Sleeping          ||     1
Armor: Robe              ||     3
Dodge: Dodged            ||    22

Table legend: (Time is in decaauts)
 A = Elapsed time spent in this place.
 B = Non-inter-level travel time spent in this place.
 C = Inter-level travel time spent in this place.
 D = Time resting spent in this place.
 E = Time spent auto-exploring this place.
 F = Levels seen in this place.
 G = Mean time per level.
                   A        B        C        D        E       F      G
               +--------+--------+--------+--------+--------+-----+--------+
         Total |   2085 |   2061 |     24 |      5 |   1832 |   2 | 1042.5 |
       Dungeon |   2085 |   2061 |     24 |      5 |   1832 |   2 | 1042.5 |
               +--------+--------+--------+--------+--------+-----+--------+

Top non-repeatable levels by time:
     D:1: 1192 daAuts
     D:2: 893 daAuts
